TOP OF THE 1ST |
Walla Walla Walleye batting - Pitching for Provo Mango : RHP Nam-shik Kwak
|
Pitching: RHP Nam-shik Kwak
|
|
Batting: LHB Juan Huerta
|
0-0: Called Strike 0-1: Ball 1-1: Ball 2-1: Called Strike 2-2: Strikes out swinging
|
Batting: RHB Germán Gracía
|
0-0: Ball 1-0: Ball 2-0: Ground out 5-3 (Groundball, 56)
|
Batting: RHB Igme Samson
|
0-0: Foul Ball, location: 2F 0-1: Ground out 5-3 (Groundball, 25)
|
Top of the 1st over - 0 runs, 0 hits, 0 errors, 0 left on base; Walla Walla 0 - Provo 0 |
BOTTOM OF THE 1ST |
Provo Mango batting - Pitching for Walla Walla Walleye : RHP Ricky Parker
|
Pitching: RHP Ricky Parker
|
|
Batting: RHB Alejandro Mingo
|
0-0: Foul Ball, location: 2F 0-1: SINGLE (Line Drive, 6MD)
|
Batting: LHB Nicol van Gorp
|
0-0: Ball Wild Pitch! Alejandro Mingo to second 1-0: Ball 2-0: Ground out 6-3 (Groundball, 6)
|
Batting: RHB Alfonso Cabedo
|
0-0: Ball 1-0: SINGLE (Groundball, 56D) Alejandro Mingo to third
|
Batting: RHB António Amaya
|
0-0: Ball 1-0: Swinging Strike 1-1: Fly out, F9 (Flyball, 9LS) Runner from 3rd tags up, SCORES, no throw
|
Batting: RHB Tim Jordan
|
0-0: Called Strike 0-1: Foul Ball, location: 2F 0-2: Ball 1-2: Strikes out swinging
|
Bottom of the 1st over - 1 run, 2 hits, 0 errors, 1 left on base; Walla Walla 0 - Provo 1 |
TOP OF THE 2ND |
Walla Walla Walleye batting - Pitching for Provo Mango : RHP Nam-shik Kwak
|
Batting: LHB Lauren Hilfiker
|
0-0: Ball 1-0: Ball 2-0: SINGLE (Groundball, 6MD)
|
Batting: RHB William Harper
|
0-0: Ball 1-0: Foul Ball, location: 2F 1-1: Foul Ball, location: 2F 1-2: Foul Ball, location: 2F 1-2: Foul Ball, location: 2F 1-2: Strikes out looking
|
Batting: RHB Gustavo Ortíz
|
0-0: Ball 1-0: TRIPLE (Groundball, 3L) Lauren Hilfiker scores
|
Batting: RHB Manny Moons
|
0-0: Ball 1-0: Swinging Strike 1-1: Foul Ball, location: 2F 1-2: Strikes out swinging
|
Batting: RHB Isagani Gorre
|
0-0: Ball 1-0: Called Strike 1-1: Ball 2-1: Called Strike 2-2: Foul Ball, location: 2F 2-2: Strikes out swinging
|
Top of the 2nd over - 1 run, 2 hits, 0 errors, 1 left on base; Walla Walla 1 - Provo 1 |
BOTTOM OF THE 2ND |
Provo Mango batting - Pitching for Walla Walla Walleye : RHP Ricky Parker
|
Batting: RHB Juan Ibarra
|
0-0: Ball 1-0: Swinging Strike 1-1: Ground out 4-3 (Groundball, 4M)
|
Batting: RHB Esteban León
|
0-0: Called Strike 0-1: Fly out, F9 (Flyball, 9LS)
|
Batting: LHB Louis Tison
|
0-0: Foul Ball, location: 2F 0-1: Ball 1-1: Swinging Strike 1-2: Ball 2-2: Strikes out swinging
|
Bottom of the 2nd over - 0 runs, 0 hits, 0 errors, 0 left on base; Walla Walla 1 - Provo 1 |
TOP OF THE 3RD |
Walla Walla Walleye batting - Pitching for Provo Mango : RHP Nam-shik Kwak
|
Batting: RHB Javier Vázquez
|
0-0: Ball 1-0: Fly out, F8 (Flyball, 8RM)
|
Batting: LHB Juan Huerta
|
0-0: Fly out, F9 (Flyball, 9LM)
|
Batting: RHB Germán Gracía
|
0-0: Ball 1-0: Ball 2-0: Swinging Strike 2-1: Ground out 6-3 (Groundball, 6)
|
Top of the 3rd over - 0 runs, 0 hits, 0 errors, 0 left on base; Walla Walla 1 - Provo 1 |
BOTTOM OF THE 3RD |
Provo Mango batting - Pitching for Walla Walla Walleye : RHP Ricky Parker
|
Batting: RHB Yo Tu
|
0-0: Called Strike 0-1: Swinging Strike 0-2: Strikes out looking
|
Batting: RHB Alejandro Mingo
|
0-0: Ball 1-0: SINGLE (Groundball, 6D)
|
Batting: LHB Nicol van Gorp
|
0-0: Ground out 4-3 (Groundball, 4S) Alejandro Mingo to second
|
Batting: RHB Alfonso Cabedo
|
0-0: Fly out, F9 (Flyball, 9S)
|
Bottom of the 3rd over - 0 runs, 1 hit, 0 errors, 1 left on base; Walla Walla 1 - Provo 1 |
TOP OF THE 4TH |
Walla Walla Walleye batting - Pitching for Provo Mango : RHP Nam-shik Kwak
|
Batting: RHB Igme Samson
|
0-0: Called Strike 0-1: Swinging Strike 0-2: Foul Ball, location: 2F 0-2: Ball 1-2: Strikes out swinging
|
Batting: LHB Lauren Hilfiker
|
0-0: Foul Ball, location: 2F 0-1: Called Strike 0-2: Ball 1-2: Ground out 5-3 (Groundball, 56)
|
Batting: RHB William Harper
|
0-0: Foul Ball, location: 2F 0-1: Ball 1-1: Ball 2-1: Ground out 2-3 (Groundball, 15S)
|
Top of the 4th over - 0 runs, 0 hits, 0 errors, 0 left on base; Walla Walla 1 - Provo 1 |
BOTTOM OF THE 4TH |
Provo Mango batting - Pitching for Walla Walla Walleye : RHP Ricky Parker
|
Batting: RHB António Amaya
|
0-0: Called Strike 0-1: Ball 1-1: Foul Ball, location: 2F 1-2: Ball 2-2: Strikes out looking
|
Batting: RHB Tim Jordan
|
0-0: Foul Ball, location: 2F 0-1: Ball 1-1: Foul Ball, location: 2F 1-2: Ball 2-2: Foul Ball, location: 2F 2-2: Ball 3-2: Fly out, F9 (Flyball, 9S)
|
Batting: RHB Juan Ibarra
|
0-0: Reached on error, E5 (Groundball, 56)
|
Batting: RHB Esteban León
|
0-0: Ball 1-0: Foul Ball, location: 2F 1-1: Fly out, F9 (Flyball, 89D)
|
Bottom of the 4th over - 0 runs, 0 hits, 1 error, 1 left on base; Walla Walla 1 - Provo 1 |
TOP OF THE 5TH |
Walla Walla Walleye batting - Pitching for Provo Mango : RHP Nam-shik Kwak
|
Batting: RHB Gustavo Ortíz
|
0-0: Called Strike 0-1: Called Strike 0-2: Strikes out swinging
|
Batting: RHB Manny Moons
|
0-0: Ball 1-0: Ball 2-0: Foul Ball, location: 2F 2-1: Swinging Strike 2-2: Ball 3-2: Base on Balls
|
Batting: RHB Isagani Gorre
|
0-0: Called Strike Manny Moons steals 2nd base 0-1: Called Strike 0-2: Ground out 5-3 (Groundball, 56S) Manny Moons to third
|
Batting: RHB Javier Vázquez
|
0-0: Foul Ball, location: 2F 0-1: Fly out, F9 (Flyball, 9)
|
Top of the 5th over - 0 runs, 0 hits, 0 errors, 1 left on base; Walla Walla 1 - Provo 1 |
BOTTOM OF THE 5TH |
Provo Mango batting - Pitching for Walla Walla Walleye : RHP Ricky Parker
|
Batting: LHB Louis Tison
|
0-0: SINGLE (Groundball, 3S) (infield hit)
|
Batting: RHB Yo Tu
|
0-0: SINGLE (Line Drive, 6D) Louis Tison to second
|
Batting: RHB Alejandro Mingo
|
0-0: Bunt missed! 0-1: Sac Bunt - play at first, batter OUT! 3-4 Louis Tison to third Yo Tu to second
|
Batting: LHB Nicol van Gorp
|
0-0: Ball 1-0: Ground out 6-3 (Groundball, 6S) Louis Tison scores Yo Tu to third
|
Batting: RHB Alfonso Cabedo
|
0-0: Foul Ball, location: 2F 0-1: Ball 1-1: Fly out, F9 (Flyball, 9S)
|
Bottom of the 5th over - 1 run, 2 hits, 0 errors, 1 left on base; Walla Walla 1 - Provo 2 |
TOP OF THE 6TH |
Walla Walla Walleye batting - Pitching for Provo Mango : RHP Nam-shik Kwak
|
Batting: LHB Juan Huerta
|
0-0: Ball 1-0: Ball 2-0: Foul Ball, location: 2F 2-1: Fly out, F5 (Popup, 5)
|
Batting: RHB Germán Gracía
|
0-0: Called Strike 0-1: Fly out, F5 (Line Drive, 56)
|
Batting: RHB Igme Samson
|
0-0: Fly out, F8 (Flyball, 8RD)
|
Top of the 6th over - 0 runs, 0 hits, 0 errors, 0 left on base; Walla Walla 1 - Provo 2 |
BOTTOM OF THE 6TH |
Provo Mango batting - Pitching for Walla Walla Walleye : RHP Ricky Parker
|
Batting: RHB António Amaya
|
0-0: Ball 1-0: SINGLE (Groundball, 6MD)
|
Batting: RHB Tim Jordan
|
0-0: Called Strike 0-1: Ball 1-1: Foul Ball, location: 2F 1-2: Strikes out swinging
|
Batting: RHB Juan Ibarra
|
0-0: Foul Ball, location: 2F 0-1: Ball 1-1: Called Strike 1-2: Fly out, F9 (Flyball, 8RS)
|
Batting: RHB Esteban León
|
0-0: Ball António Amaya steals 2nd base 1-0: Ground out 6-3 (Groundball, 6)
|
Bottom of the 6th over - 0 runs, 1 hit, 0 errors, 1 left on base; Walla Walla 1 - Provo 2 |
TOP OF THE 7TH |
Walla Walla Walleye batting - Pitching for Provo Mango : RHP Nam-shik Kwak
|
Batting: LHB Lauren Hilfiker
|
0-0: Ball 1-0: Called Strike 1-1: Ball 2-1: TRIPLE (Flyball, 89XD)
|
Pitching: LHP Tony Castro
|
|
Batting: RHB William Harper
|
0-0: Ball 1-0: Ball 2-0: Swinging Strike 2-1: Ball 3-1: Swinging Strike 3-2: Foul Ball, location: 2F 3-2: Strikes out swinging
|
Batting: RHB Gustavo Ortíz
|
0-0: Called Strike 0-1: Ball 1-1: Foul Ball, location: 2F 1-2: Ball 2-2: Ball 3-2: Foul Ball, location: 2F 3-2: Foul Ball, location: 2F 3-2: Ground out 6-3 (Groundball, 6)
|
Batting: RHB Manny Moons
|
0-0: Ball 1-0: Foul Ball, location: 2F 1-1: Called Strike 1-2: Strikes out looking
|
Top of the 7th over - 0 runs, 1 hit, 0 errors, 1 left on base; Walla Walla 1 - Provo 2 |
BOTTOM OF THE 7TH |
Provo Mango batting - Pitching for Walla Walla Walleye : RHP Ricky Parker
|
Batting: LHB Louis Tison
|
0-0: Swinging Strike 0-1: Foul Ball, location: 2F 0-2: Ball 1-2: Ball 2-2: Ball 3-2: Strikes out swinging
|
Batting: RHB Yo Tu
|
0-0: Ground out 6-3 (Groundball, 6)
|
Batting: RHB Alejandro Mingo
|
0-0: Called Strike 0-1: Called Strike 0-2: Ball 1-2: Strikes out swinging
|
Bottom of the 7th over - 0 runs, 0 hits, 0 errors, 0 left on base; Walla Walla 1 - Provo 2 |
TOP OF THE 8TH |
Walla Walla Walleye batting - Pitching for Provo Mango : LHP Tony Castro
|
Now at 1B: Frans Boone
|
|
Batting: RHB Isagani Gorre
|
0-0: Called Strike 0-1: Swinging Strike 0-2: Ball 1-2: Ball 2-2: Strikes out swinging
|
Batting: RHB Javier Vázquez
|
0-0: Called Strike 0-1: Foul Ball, location: 2F 0-2: Ball 1-2: Foul Ball, location: 2F 1-2: Ground out 5-3 (Groundball, 5L)
|
Batting: LHB Juan Huerta
|
0-0: Foul Ball, location: 2F 0-1: Swinging Strike 0-2: Strikes out looking
|
Top of the 8th over - 0 runs, 0 hits, 0 errors, 0 left on base; Walla Walla 1 - Provo 2 |
BOTTOM OF THE 8TH |
Provo Mango batting - Pitching for Walla Walla Walleye : RHP Ricky Parker
|
Pitching: RHP Jasper Jordan
|
|
Batting: LHB Nicol van Gorp
|
0-0: Called Strike 0-1: Ball 1-1: Ground out U3 (Groundball, 3)
|
Batting: RHB Alfonso Cabedo
|
0-0: Called Strike 0-1: Ball 1-1: Ground out 4-3 (Groundball, 4)
|
Batting: RHB António Amaya
|
0-0: Called Strike 0-1: Ball 1-1: Swinging Strike 1-2: Ground out 6-3 (Groundball, 6)
|
Bottom of the 8th over - 0 runs, 0 hits, 0 errors, 0 left on base; Walla Walla 1 - Provo 2 |
TOP OF THE 9TH |
Walla Walla Walleye batting - Pitching for Provo Mango : LHP Tony Castro
|
Pitching: LHP Román Ornelas
|
|
Batting: RHB Germán Gracía
|
0-0: Ball 1-0: Called Strike 1-1: Ball 2-1: Called Strike 2-2: Foul Ball, location: 2F 2-2: Strikes out swinging
|
Batting: RHB Igme Samson
|
0-0: Ball 1-0: Called Strike 1-1: Swinging Strike 1-2: Strikes out swinging
|
Batting: LHB Lauren Hilfiker
|
0-0: Called Strike 0-1: Ball 1-1: Foul Ball, location: 2F 1-2: Strikes out swinging
|
Top of the 9th over - 0 runs, 0 hits, 0 errors, 0 left on base; Walla Walla 1 - Provo 2 |
|